 Dungeon Crawl Stone Soup version 0.20-a0-466-gc52d0eb (webtiles) character file.

1040 M4edhros the Covert (level 8, -16/38 HPs)
             Began as an Octopode Artificer on Jan 13, 2017.
             Was an Initiate of Gozag.
             Demolished by a red devil
             ... wielding a +1 demon trident of flaming
             ... summoned by Xom
              (26 damage)
             ... on level 5 of the Dungeon.
             The game lasted 00:10:22 (9801 turns).

M4edhros the Covert (Octopode Artificer)            Turns: 9801, Time: 00:10:23

Health: -16/38     AC:  1    Str:  9 (11) XL:     8   Next: 24%
Magic:  10/10      EV: 12    Int: 11 (12) God:    Gozag
Gold:   1025       SH:  0    Dex:  8 (12) Spells: 7/7 levels left

rFire  . . .     SeeInvis .     e - +0 dagger (elec)
rCold  + . .     Gourm    .     (no shield)
rNeg   . . .     Faith    .     (helmet restricted)
rPois  .         Spirit   .     s - amulet of regeneration
rElec  .         Reflect  .     j - ring of protection from cold
rCorr  .         Harm     .     B - ring of wizardry
MR     .....                    (no ring)
Stlth  ++++......               (no ring)
                                (no ring)
                                (no ring)
                                (no ring)
                                (no ring)

@: drained
A: almost no armour, stealthy swim, amphibious, 8 rings, constrict 8, antennae
1, camouflage 1, clumsy 1, deterioration 1, dopey 1, frail 2, gelatinous body 1
a: Potion Petition, Call Merchant, Bribe Branch, Renounce Religion


You were on level 5 of the Dungeon.
You worshipped Gozag.
Gozag was most pleased with you.
You were not hungry.

You visited 2 branches of the dungeon, and saw 6 of its levels.

You collected 1145 gold pieces.
You paid 120 gold pieces to Gozag.

Inventory:

Hand Weapons
 a - a +0 short sword
 e - a +0 dagger of electrocution (weapon)
 D - a +0 hunting sling
 L - a +0 hunting sling
Missiles
 h - 84 sling bullets
 J - 225 stones (quivered)
Armour
 r - a +0 large shield
Jewellery
 g - an uncursed amulet of magic regeneration
 j - a ring of protection from cold (left tentacle)
 q - a +3 amulet of reflection
 s - an amulet of regeneration (around mantle)
 B - a ring of wizardry (right tentacle)
 C - an uncursed ring of ice
 E - an uncursed ring of protection from magic {unknown}
 H - a cursed ring of loudness {unknown}
Wands
 b - a wand of flame (7/48)
 c - a wand of enslavement (12/24)
 d - a wand of random effects (14/48)
 p - a wand of iceblast (15/15)
Scrolls
 v - 4 scrolls of identify
 w - a scroll of remove curse
 y - a scroll of enchant weapon {unknown}
 z - a scroll of recharging
 K - a scroll of magic mapping
Potions
 k - a potion of curing
 l - a potion of berserk rage {unknown}
 m - a potion of ambrosia {unknown}
 n - a potion of heal wounds {unknown}
 o - 2 potions of agility {unknown}
 u - a potion of flight {unknown}
 x - a potion of haste {unknown}
 A - 3 potions of magic {unknown}
 F - a potion of degeneration {unknown}
 G - a potion of cancellation {unknown}
 I - a potion of lignification {unknown}
Comestibles
 f - 3 bread rations
 i - 3 fruits
 t - a meat ration


   Skills:
 - Level 1.0(0.0) Fighting
 + Level 5.8(4.7) Short Blades
 - Level 2.0(1.0) Dodging
 + Level 9.1(7.9) Stealth
 * Level 3.3(2.2) Shields
 - Level 3.2(2.2) Evocations


You had 7 spell levels left.
You didn't know any spells.

Dungeon Overview and Level Annotations

Branches:
Dungeon (5/15)             Temple (1/1) D:4

Altars:
Ashenzari
Cheibriados
Dithmenos
Elyvilon
Fedhas
Gozag
Hepliaklqana
Okawaru
Qazlal
Sif Muna
Trog
Uskayaw
Vehumet
Xom
The Shining One


Innate Abilities, Weirdness & Mutations

You cannot wear most types of armour.
You are very stealthy in the water. (Stealth+)
You are amphibious.
You can wear up to eight rings at the same time.
You can use your tentacles to constrict eight enemies at once.
Your skin changes colour to match your surroundings (Stealth+).
Your rubbery body absorbs attacks. (AC +1, EV +1)
You have a pair of small antennae on your head.
You are clumsy. (Dex -2)
Your body sometimes deteriorates upon taking damage.
You are dopey. (Int -2)
You are very frail. (-20% HP)


Message History

The moth of wrath is no longer distracted by gold.
You start resting. "Let's see if it's strong enough to survive yet."
Okay, then.
Okay, then.
As you read the scroll labeled QENIETE BIEF, it crumbles to dust.
It is a scroll of recharging.
Charge which item? (? for menu, Esc to quit)
Your wand of iceblast (7/15) glows for a moment and now has 15 charges.
As you read the scroll labeled ZUKHOTR HACKO, it crumbles to dust.
You feel aware of your surroundings.
It was a scroll of magic mapping.
The ice devil hits you! The ice devil freezes you! You resist.
The crimson imp hits you.
* * * LOW HITPOINT WARNING * * *
The red devil hops backward while attacking.
The red devil hits you from afar with a demon trident of flaming!!
Ouch! That really hurt!
You die...
Xom guffaws!
Your body crumbles into a pile of gold.

# ##.##
#.$$$###....#,,,,,,* #..#
#...##y##...#,,,,,,*
##.###....###....#,,,,,,*
#..##...........#,,,,,Z*
##.###.........##,,,,,,*
#..###.......##***,,,,*
##.######.##### **,,**
#...55.##.##..## ****
#...55@54......##
#...554.5.......# ##
#...5.355.......## ##.
#...........>....# ##..
##...............###...
#............(...##...
#...............).....
#.............##......
###..........######...


You could see an ice devil, a ynoxinul, a red devil, a quasit, 2 crimson imps, a
white imp, 3 shadow imps and 4 ufetubi.

Vanquished Creatures
  An ice beast (D:5)
  A centaur (D:5)
  A water moccasin skeleton (D:4)
  A jelly (D:5)
  A hound (D:5)
  A bullfrog skeleton (D:5)
  2 iguanas (D:4)
  7 orc wizards
  3 worker ants
  9 gnolls
  5 adders
  2 shadow imps
  3 oozes
  5 worms
  2 dart slugs
  5 leopard geckos
  17 orcs
  10 bats
  6 giant cockroaches
  28 hobgoblins
  3 jackals (D:5)
  A ball python skeleton (D:4)
  8 frilled lizards
  34 goblins
  9 kobolds
  A leopard gecko skeleton (D:4)
  11 rats
177 creatures vanquished.

Vanquished Creatures (collateral kills)
  An orc priest (D:4)
  A gnoll (D:3)
2 creatures vanquished.

Vanquished Creatures (others)
  A big kobold (D:3)
  A rat (D:1)
2 creatures vanquished.

Grand Total: 181 creatures vanquished

Notes
Turn   | Place    | Note
-------+----------+-------------------------------------------
     0 | D:1      | M4edhros the Octopode Artificer began the quest for the Orb.
     0 | D:1      | Reached XP level 1. HP: 13/13 MP: 3/3
    28 | D:1      | Reached skill level 2 in Stealth
    58 | D:1      | Reached skill level 3 in Stealth
    58 | D:1      | Reached XP level 2. HP: 12/18 MP: 4/4
   718 | D:3      | Reached XP level 3. HP: 17/23 MP: 5/5
   964 | D:1      | Reached skill level 4 in Stealth
  1316 | D:4      | Reached XP level 4. HP: 28/28 MP: 6/6
  1323 | D:4      | Reached skill level 5 in Stealth
  1336 | D:4      | Reached XP level 5. HP: 4/33 MP: 7/7
  1628 | D:4      | Found a staircase to the Ecumenical Temple.
  1668 | Temple   | Entered the Ecumenical Temple
  1789 | Temple   | Became a worshipper of Xom the Tricky
  1888 | D:4      | Reached skill level 6 in Stealth
  1996 | D:4      | XOM is BORED!
  1996 | D:4      | XOM: silly message
  2000 | D:4      | Reached XP level 6. HP: 38/38 MP: 8/8
  2039 | D:4      | XOM: silly message
  2077 | D:4      | XOM: mild Air miscast
  2125 | D:5      | Entered Level 5 of the Dungeon
  2288 | D:5      | Reached skill level 7 in Stealth
  2288 | D:5      | XOM: divination: detect creatures
  2418 | D:5      | Noticed an ice beast
  2420 | D:5      | Reached XP level 7. HP: 38/43 MP: 9/9
  2429 | D:5      | Reached skill level 5 in Short Blades
  2429 | D:5      | Reached skill level 8 in Stealth
  2672 | D:5      | XOM: harmless Tmut miscast
  2920 | Temple   | XOM is BORED!
  3524 | Temple   | XOM: scenery: create altars
  3938 | Temple   | XOM: give mutations
  3938 | Temple   | Gained mutation: Your body sometimes deteriorates upon taking damage. [Xom's mischief]
  3938 | Temple   | Gained mutation: You are clumsy. (Dex -2) [Xom's mischief]
  3938 | Temple   | Gained mutation: You are frail. (-10% HP) [Xom's mischief]
  3938 | Temple   | Gained mutation: You are very frail. (-20% HP) [Xom's mischief]
  4000 | Temple   | XOM: god gift: runed lapis lazuli amulet {god gift}
  4201 | Temple   | XOM: give mutations
  4201 | Temple   | Gained mutation: You are extremely frail. (-30% HP) [Xom's mischief]
  4201 | Temple   | Gained mutation: You are dopey. (Int -2) [Xom's mischief]
  4201 | Temple   | Gained mutation: You have a pair of small antennae on your head. [Xom's mischief]
  4201 | Temple   | Lost mutation: You are extremely frail. (-30% HP) [Xom's mischief]
  4503 | Temple   | XOM: cloud trail
  4603 | Temple   | XOM: harmless Summ miscast
  4622 | Temple   | XOM: divination: detect creatures
  5563 | Temple   | XOM: medium Chrm miscast
  5576 | Temple   | XOM: mild Fire miscast
  5635 | Temple   | XOM: medium Ice miscast
  5768 | D:5      | Reached skill level 1 in Shields
  5770 | D:5      | XOM: divination: magic mapping
  6066 | Temple   | XOM: harmless Chrm miscast
  6379 | Temple   | XOM: harmless Fire miscast
  6946 | D:5      | Noticed a moth of wrath
  6949 | D:5      | Found a bloodstained altar of Trog.
  7025 | Temple   | Fell from the grace of Xom
  7025 | Temple   | Became a worshipper of Gozag Ym Sagoz the Greedy
  8870 | D:3      | Reached XP level 8. HP: 38/38 MP: 10/10
  9002 | D:3      | Reached skill level 9 in Stealth
  9150 | D:3      | XOM: divination: detect items
  9311 | D:3      | XOM: chaos upgrade
  9358 | D:3      | XOM: draining
  9715 | D:5      | XOM: scenery: create altars
  9799 | D:5      | XOM: summons 14 hostile demons
  9800 | D:5      | Noticed a ynoxinul
  9800 | D:5      | Noticed a red devil
  9800 | D:5      | Noticed an ice devil
  9801 | D:5      | Demolished by a red devil

Vault maps used:
D:1:      onia_arrival_pentagram
D:3:      minmay_goblin_kobold_castle, first_bread
D:4:      minmay_checkerbox
D:5:      tgw_trog
Temple:   jpeg_temple_clearing

Skill      XL: |  1  2  3  4  5  6  7  8 |
---------------+-------------------------+-----
Stealth        | 3 4 5 6 7 8 9 |  9.1
Short Blades   | 2 3 4 5 |  5.8
Shields        | 2 3 |  3.3
Fighting       | |  1.0
Dodging        | |  2.0
Evocations     | |  3.2

Action                   |  1- 3 |  4- 6 |  7- 9 || total
-------------------------+-------+-------+-------++-------
Melee: Short sword       |     8 |       |       ||     8
       Tentacles         |     8 |    10 |    35 ||    53
       Constrict         |    10 |    12 |    56 ||    78
       Dagger            |    37 |    53 |   266 ||   356
Evoke: Wand              |     1 |     4 |     9 ||    14
  Use: Potion            |     1 |       |     2 ||     3
       Scroll            |       |     4 |     2 ||     6
 Stab: Sleeping          |     7 |     5 |    24 ||    36
       Distracted        |       |       |     1 ||     1
  Eat: Chunk             |     1 |     4 |     1 ||     6
       Bread ration      |       |       |     3 ||     3
       Royal jelly       |       |       |     2 ||     2
       Meat ration       |       |       |     1 ||     1
       Pizza             |       |       |     1 ||     1
Armor: Skin              |     5 |     1 |    14 ||    20
Dodge: Dodged            |    28 |    13 |   135 ||   176
